TOP OF THE 1ST |
Batavia Clippers batting - Pitching for Newark Black Sox : RHP Steve Kordish
|
Pitching: RHP Steve Kordish
|
|
Batting: RHB Greg Tabor
|
0-0: Ball 1-0: Foul Ball, location: 2F 1-1: Ball 2-1: Ground out 6-3 (Groundball, 6, EV 99.4 MPH)
|
Batting: LHB Mark Bingham
|
0-0: Ball 1-0: Ground out 6-3 (Groundball, 56, EV 105.0 MPH)
|
Batting: RHB Mickey Brantley
|
0-0: Swinging Strike 0-1: Ground out 6-3 (Groundball, 56, EV 76.3 MPH)
|
Top of the 1st over - 0 runs, 0 hits, 0 errors, 0 left on base; Batavia 0 - Newark 0 |
BOTTOM OF THE 1ST |
Newark Black Sox batting - Pitching for Batavia Clippers : RHP Angel Figueroa
|
Pitching: RHP Angel Figueroa
|
|
Batting: RHB Rafael Belliard
|
0-0: SINGLE (Groundball, 4MD, EV 96.3 MPH)
|
Batting: RHB Henry Hubbard
|
0-0: Called Strike Rafael Belliard steals 2nd base 0-1: Called Strike 0-2: Ground out 6-3 (Groundball, 6M, EV 110.6 MPH) Rafael Belliard to third
|
Batting: RHB Moises Acosta
|
0-0: Ball 1-0: Called Strike 1-1: Ball 2-1: Fly out, F3 (Line Drive, 3, EV 60.6 MPH)
|
Batting: RHB Adrien Perkins
|
0-0: Called Strike 0-1: Ball 1-1: Ball 2-1: Ball 3-1: SINGLE (Groundball, 34S, EV 65.6 MPH) (infield hit) Rafael Belliard scores
|
Batting: RHB Ignacio Velasquez
|
0-0: Ball 1-0: Ball 2-0: Ground out 4-3 (Groundball, 34S, EV 64.4 MPH)
|
Bottom of the 1st over - 1 run, 2 hits, 0 errors, 1 left on base; Batavia 0 - Newark 1 |
TOP OF THE 2ND |
Batavia Clippers batting - Pitching for Newark Black Sox : RHP Steve Kordish
|
Batting: RHB Dave Sax
|
0-0: Ball 1-0: Ball 2-0: Ball 3-0: Base on Balls
|
Batting: LHB Mike Botkin
|
0-0: Ball 1-0: Called Strike 1-1: Ball 2-1: Ball 3-1: Called Strike 3-2: Foul Ball, location: 2F 3-2: SINGLE (Groundball, 5D, EV 103.8 MPH) Dave Sax to second
|
Batting: RHB Larry Kiesling
|
0-0: Ball 1-0: Ball 2-0: Fielders Choice at 2nd, 4-6 (Groundball, 4, EV 91.3 MPH) Dave Sax to third
|
Batting: LHB Scott Miller
|
0-0: Called Strike 0-1: Ball 1-1: Swinging Strike 1-2: Foul Ball, location: 2F 1-2: Foul Ball, location: 2F 1-2: Foul Ball, location: 2F 1-2: Ball 2-2: Ball 3-2: Foul Ball, location: 2F 3-2: Foul Ball, location: 2F 3-2: Grounds into double play, 6-4-3 (Groundball, 56, EV 86.9 MPH)
|
Top of the 2nd over - 0 runs, 1 hit, 0 errors, 1 left on base; Batavia 0 - Newark 1 |
BOTTOM OF THE 2ND |
Newark Black Sox batting - Pitching for Batavia Clippers : RHP Angel Figueroa
|
Batting: RHB Jerry Bendorf
|
0-0: Ground out 6-3 (Groundball, 6S, EV 71.9 MPH)
|
Batting: LHB Casey Glenn
|
0-0: Ground out 4-3 (Groundball, 4, EV 100.6 MPH)
|
Batting: RHB Danny Griffin
|
0-0: Called Strike 0-1: Ball 1-1: Foul Ball, location: 2F 1-2: Ball 2-2: Strikes out looking
|
Bottom of the 2nd over - 0 runs, 0 hits, 0 errors, 0 left on base; Batavia 0 - Newark 1 |
TOP OF THE 3RD |
Batavia Clippers batting - Pitching for Newark Black Sox : RHP Steve Kordish
|
Batting: RHB Jorge Gonzalez
|
0-0: Ball 1-0: Ball 2-0: Foul Ball, location: 2F 2-1: SINGLE (Groundball, 6MD, EV 103.1 MPH)
|
Batting: RHB Mark Kuecker
|
0-0: Called Strike 0-1: Ball 1-1: Ball 2-1: Called Strike 2-2: Ball 3-2: Fielders Choice at 2nd, 6-4 (Groundball, 6, EV 105.0 MPH)
|
Batting: RHB Greg Tabor
|
0-0: Ground out 6-3 (Groundball, 6S, EV 66.3 MPH) Mark Kuecker to second
|
Batting: LHB Mark Bingham
|
0-0: Foul Ball, location: 2F 0-1: Ball 1-1: Called Strike 1-2: Fly out, F7 (Line Drive, 7, EV 90.0 MPH)
|
Top of the 3rd over - 0 runs, 1 hit, 0 errors, 1 left on base; Batavia 0 - Newark 1 |
BOTTOM OF THE 3RD |
Newark Black Sox batting - Pitching for Batavia Clippers : RHP Angel Figueroa
|
Batting: RHB Orlando Gonzalez
|
0-0: Called Strike 0-1: Called Strike 0-2: Foul Ball, location: 2F 0-2: SINGLE (Groundball, 6MD, EV 96.9 MPH)
|
Batting: RHB Rafael Belliard
|
0-0: Ball 1-0: Swinging Strike 1-1: Ball 2-1: Foul Ball, location: 2F 2-2: Strikes out swinging
|
Batting: RHB Henry Hubbard
|
0-0: Ball 1-0: Ball 2-0: Grounds into double play, 6-4-3 (Groundball, 6, EV 83.1 MPH)
|
Bottom of the 3rd over - 0 runs, 1 hit, 0 errors, 0 left on base; Batavia 0 - Newark 1 |
TOP OF THE 4TH |
Batavia Clippers batting - Pitching for Newark Black Sox : RHP Steve Kordish
|
Batting: RHB Mickey Brantley
|
0-0: Called Strike 0-1: Ball 1-1: Called Strike 1-2: Strikes out looking
|
Batting: RHB Dave Sax
|
0-0: Called Strike 0-1: Ball 1-1: Foul Ball, location: 2F 1-2: Reached on error, E7 (Line Drive, 7, EV 106.9 MPH)
|
Batting: LHB Mike Botkin
|
0-0: Foul Ball, location: 2F 0-1: Foul Ball, location: 2F 0-2: Ball 1-2: SINGLE (Line Drive, 89S, EV 106.9 MPH) Dave Sax to second
|
Batting: RHB Larry Kiesling
|
0-0: Ball 1-0: Ball 2-0: Ball 3-0: Called Strike 3-1: Base on Balls Dave Sax to third Mike Botkin to second
|
Batting: LHB Scott Miller
|
0-0: Ball 1-0: Called Strike 1-1: Fly out, F9 (Flyball, 9LS, EV 96.9 MPH)
|
Batting: RHB Jorge Gonzalez
|
0-0: Ball 1-0: Ground out 4-3 (Groundball, 4S, EV 78.8 MPH)
|
Top of the 4th over - 0 runs, 1 hit, 1 error, 3 left on base; Batavia 0 - Newark 1 |
BOTTOM OF THE 4TH |
Newark Black Sox batting - Pitching for Batavia Clippers : RHP Angel Figueroa
|
Batting: RHB Moises Acosta
|
0-0: Ball 1-0: Ball 2-0: Foul Ball, location: 2F 2-1: DOUBLE (Flyball, 78D, EV 105.6 MPH)
|
Batting: RHB Adrien Perkins
|
0-0: Ball 1-0: SINGLE (Groundball, 6MD, EV 105.6 MPH) Moises Acosta to third Runner from 3rd tries for Home, SAFE, throw by CF to home Adrien Perkins to second
|
Batting: RHB Ignacio Velasquez
|
0-0: Called Strike 0-1: Swinging Strike 0-2: Ball 1-2: SINGLE (Groundball, 6MD, EV 103.1 MPH) Adrien Perkins to third Runner from 3rd tries for Home, SAFE, throw by CF to home Ignacio Velasquez to second
|
Batting: RHB Jerry Bendorf
|
0-0: Ball 1-0: Ball 2-0: Called Strike 2-1: Ball 3-1: Base on Balls
|
Batting: LHB Casey Glenn
|
0-0: Swinging Strike 0-1: SINGLE (Groundball, 4D, EV 105.6 MPH) Ignacio Velasquez to third Jerry Bendorf to second Runner from 3rd tries for Home, SAFE, throw by RF to home
|
Batting: RHB Danny Griffin
|
0-0: Ball 1-0: Ball 2-0: Ball 3-0: Base on Balls Jerry Bendorf to third Casey Glenn to second
|
Batting: RHB Orlando Gonzalez
|
0-0: Swinging Strike 0-1: Grounds into double play, 4-6-3 (Groundball, 4MD, EV 90.6 MPH) Jerry Bendorf scores Casey Glenn to third
|
Batting: RHB Rafael Belliard
|
0-0: Ball 1-0: TRIPLE (Groundball, 3L, EV 98.8 MPH) Casey Glenn scores
|
Pitching: RHP Gumercindo Diaz
|
|
Batting: RHB Henry Hubbard
|
0-0: Called Strike 0-1: Ball 1-1: Foul Ball, location: 2F 1-2: SINGLE (Line Drive, 4D, EV 97.5 MPH) Rafael Belliard scores
|
Batting: RHB Moises Acosta
|
0-0: Ball 1-0: Called Strike 1-1: Ground out 6-3 (Groundball, 56D, EV 78.1 MPH)
|
Bottom of the 4th over - 6 runs, 6 hits, 0 errors, 1 left on base; Batavia 0 - Newark 7 |
TOP OF THE 5TH |
Batavia Clippers batting - Pitching for Newark Black Sox : RHP Steve Kordish
|
Batting: RHB Mark Kuecker
|
0-0: Ball 1-0: Ground out 6-3 (Groundball, 6, EV 85.0 MPH)
|
Batting: RHB Greg Tabor
|
0-0: Fly out, F8 (Line Drive, 8LD, EV 90.6 MPH)
|
Batting: LHB Mark Bingham
|
0-0: Called Strike 0-1: Ball 1-1: Ground out 4-3 (Groundball, 4, EV 100.6 MPH)
|
Top of the 5th over - 0 runs, 0 hits, 0 errors, 0 left on base; Batavia 0 - Newark 7 |
BOTTOM OF THE 5TH |
Newark Black Sox batting - Pitching for Batavia Clippers : RHP Gumercindo Diaz
|
Batting: RHB Adrien Perkins
|
0-0: Foul Ball, location: 2F 0-1: Swinging Strike 0-2: Ball 1-2: Strikes out swinging
|
Batting: RHB Ignacio Velasquez
|
0-0: Ball 1-0: Swinging Strike 1-1: Swinging Strike 1-2: Ball 2-2: Foul Ball, location: 2F 2-2: Foul Ball, location: 2F 2-2: Ball 3-2: Base on Balls
|
Batting: RHB Jerry Bendorf
|
0-0: Ball 1-0: Fly out, F9 (Line Drive, 9, EV 99.4 MPH)
|
Batting: LHB Casey Glenn
|
0-0: Ball 1-0: Called Strike 1-1: Fly out, F7 (Flyball, 78S, EV 83.1 MPH)
|
Bottom of the 5th over - 0 runs, 0 hits, 0 errors, 1 left on base; Batavia 0 - Newark 7 |
TOP OF THE 6TH |
Batavia Clippers batting - Pitching for Newark Black Sox : RHP Steve Kordish
|
Batting: RHB Mickey Brantley
|
0-0: Called Strike 0-1: Called Strike 0-2: Fly out, F9 (Flyball, 9LM, EV 81.9 MPH)
|
Batting: RHB Dave Sax
|
0-0: Fly out, F3 (Popup, 23F, EV 76.3 MPH)
|
Batting: LHB Mike Botkin
|
0-0: Called Strike 0-1: SINGLE (Groundball, 5L, EV 96.9 MPH)
|
Batting: RHB Larry Kiesling
|
0-0: Ball 1-0: Swinging Strike 1-1: Ball 2-1: Ground out 5-3 (Groundball, 56S, EV 66.9 MPH)
|
Top of the 6th over - 0 runs, 1 hit, 0 errors, 1 left on base; Batavia 0 - Newark 7 |
BOTTOM OF THE 6TH |
Newark Black Sox batting - Pitching for Batavia Clippers : RHP Gumercindo Diaz
|
Batting: RHB Danny Griffin
|
0-0: Called Strike 0-1: Foul Ball, location: 2F 0-2: Ball 1-2: Ball 2-2: Foul Ball, location: 2F 2-2: Ball 3-2: Base on Balls
|
Batting: RHB Orlando Gonzalez
|
0-0: Foul Ball, location: 2F 0-1: Grounds into double play, 3-6-1 (Groundball, 3, EV 105.0 MPH)
|
Batting: RHB Rafael Belliard
|
0-0: SINGLE (Groundball, 4S, EV 74.4 MPH) (infield hit)
|
Batting: RHB Henry Hubbard
|
0-0: Ball 1-0: Ball 2-0: Ball 3-0: Base on Balls Rafael Belliard to second
|
Batting: RHB Moises Acosta
|
0-0: Ball Passed Ball! Rafael Belliard to third Henry Hubbard to second 1-0: Ball 2-0: Ball 3-0: Called Strike 3-1: SINGLE (Line Drive, 8LS, EV 102.5 MPH) Rafael Belliard scores Henry Hubbard to third Runner from 3rd tries for Home, SAFE, throw by CF to home
|
Batting: RHB Adrien Perkins
|
0-0: Called Strike 0-1: Foul Ball, location: 2F 0-2: Ball 1-2: Ball 2-2: Ball 3-2: SINGLE (Line Drive, 9S, EV 94.4 MPH) Moises Acosta to second Moises Acosta to third
|
Batting: RHB Ignacio Velasquez
|
0-0: Ball 1-0: SINGLE (Line Drive, 8RS, EV 105.6 MPH) Moises Acosta scores Adrien Perkins to second
|
Pitching: RHP Martin Sosa
|
|
Batting: RHB Jerry Bendorf
|
0-0: Ball 1-0: Foul Ball, location: 2F 1-1: Ball 2-1: Called Strike 2-2: DOUBLE (Line Drive, 9LS, EV 105.6 MPH) Adrien Perkins scores Ignacio Velasquez to third
|
Batting: LHB Casey Glenn
|
0-0: Swinging Strike 0-1: Ball 1-1: Swinging Strike 1-2: Ball 2-2: Ball 3-2: Foul Ball, location: 2F 3-2: Strikes out swinging
|
Bottom of the 6th over - 4 runs, 5 hits, 0 errors, 2 left on base; Batavia 0 - Newark 11 |
TOP OF THE 7TH |
Batavia Clippers batting - Pitching for Newark Black Sox : RHP Steve Kordish
|
Batting: LHB Scott Miller
|
0-0: Ball 1-0: Foul Ball, location: 2F 1-1: Ball 2-1: SINGLE (Line Drive, 34D, EV 110.0 MPH)
|
Batting: RHB Jorge Gonzalez
|
0-0: Called Strike 0-1: Grounds into double play, 6-4-3 (Groundball, 6, EV 83.1 MPH)
|
Batting: RHB Mark Kuecker
|
0-0: Ground out 3-1 (Groundball, 3S, EV 69.4 MPH)
|
Top of the 7th over - 0 runs, 1 hit, 0 errors, 0 left on base; Batavia 0 - Newark 11 |
BOTTOM OF THE 7TH |
Newark Black Sox batting - Pitching for Batavia Clippers : RHP Martin Sosa
|
Batting: RHB Danny Griffin
|
0-0: Called Strike 0-1: Called Strike 0-2: Foul Ball, location: 2F 0-2: Ball 1-2: Ball 2-2: Foul Ball, location: 2F 2-2: Ball 3-2: Base on Balls
|
Batting: RHB Orlando Gonzalez
|
0-0: Ball 1-0: Ball 2-0: Fly out, F6 (Flyball, 6D, EV 80.0 MPH)
|
Batting: RHB Rafael Belliard
|
0-0: Ball 1-0: Foul Ball, location: 2F 1-1: Swinging Strike 1-2: Ball 2-2: Strikes out looking
|
Batting: RHB Henry Hubbard
|
0-0: Ball 1-0: Ball 2-0: Foul Ball, location: 2F 2-1: SINGLE (Flyball, 5D, EV 87.5 MPH) Danny Griffin to second
|
Batting: RHB Moises Acosta
|
0-0: Ball 1-0: Ball 2-0: Ground out 4-3 (Groundball, 4, EV 81.9 MPH)
|
Bottom of the 7th over - 0 runs, 1 hit, 0 errors, 2 left on base; Batavia 0 - Newark 11 |
TOP OF THE 8TH |
Batavia Clippers batting - Pitching for Newark Black Sox : RHP Steve Kordish
|
Batting: RHB Greg Tabor
|
0-0: Ball 1-0: Fly out, F7 (Flyball, 7LM, EV 108.1 MPH)
|
Pinch Hitting: LHB Chris D Jones
|
0-0: Ball 1-0: Ball 2-0: Swinging Strike 2-1: Fly out, F4 (Popup, 34D, EV 51.3 MPH)
|
Pinch Hitting: RHB Glenn Carpenter
|
0-0: Ground out 6-3 (Groundball, 6MD, EV 103.1 MPH)
|
Top of the 8th over - 0 runs, 0 hits, 0 errors, 0 left on base; Batavia 0 - Newark 11 |
BOTTOM OF THE 8TH |
Newark Black Sox batting - Pitching for Batavia Clippers : RHP Martin Sosa
|
Pitching: RHP Dick Lloyd
|
|
Now in LF: Jerry Lomastro
|
|
Now in CF: Chris D Jones
|
|
Batting: RHB Adrien Perkins
|
0-0: Ball 1-0: Ball 2-0: Swinging Strike 2-1: Ball 3-1: Base on Balls
|
Batting: RHB Ignacio Velasquez
|
0-0: Fielders Choice at 2nd, 6-4 (Groundball, 56D, EV 79.4 MPH)
|
Batting: RHB Jerry Bendorf
|
0-0: Foul Ball, location: 2F 0-1: Foul Ball, location: 2F 0-2: Foul Ball, location: 2F 0-2: Ball 1-2: Fly out, F7 (Flyball, 7LM, EV 91.3 MPH)
|
Batting: LHB Casey Glenn
|
0-0: Called Strike 0-1: Foul Ball, location: 2F 0-2: Strikes out swinging
|
Bottom of the 8th over - 0 runs, 0 hits, 0 errors, 1 left on base; Batavia 0 - Newark 11 |
TOP OF THE 9TH |
Batavia Clippers batting - Pitching for Newark Black Sox : RHP Steve Kordish
|
Batting: RHB Dave Sax
|
0-0: Called Strike 0-1: Called Strike 0-2: Ball 1-2: Fly out, F8 (Flyball, 89M, EV 85.0 MPH)
|
Batting: LHB Mike Botkin
|
0-0: Called Strike 0-1: Ground out 5-3 (Groundball, 5, EV 103.8 MPH)
|
Batting: RHB Larry Kiesling
|
0-0: SINGLE (Line Drive, 8LS, EV 105.6 MPH)
|
Batting: LHB Scott Miller
|
0-0: Ball 1-0: Fly out, F9 (Flyball, 9LM, EV 93.1 MPH)
|
Top of the 9th over - 0 runs, 1 hit, 0 errors, 1 left on base; Batavia 0 - Newark 11 |
|